AoeStats
← Lil Fabrice

MegaRandom

505892645Analyzed
1v1 RM · 21d ago on Sep 11, 2026· 22m 13s· 2 players
Game mode
Random Map
Map size
Tiny (2 player)
Population
200
Speed
Normal
Resources
Standard
Victory
Conquest
Starting age
Dark Age
Ending age
Imperial Age
RankedLock teamsTeams togetherTeam positionsShared explorationLock speedFull tech treeHidden civsTurbo modeCheats
Victory
Defeat
🇫🇷 Burgundians · France
1532
+17
🇬🇧 Inca · United Kingdom
1564
-17
Lil Fabrice
4:21 Double-Bit Axe
6:04 Loom
8:38 Horse Collar
12:36 Feudal Age
17:35 Forging
18:18 Scale Barding Armor
22:07 Castle Age
20:48 Gold Mining
21:09 Bow Saw
21:02 Heavy Plow
21:47 Town Watch
22:12 Light Cavalry
Hemingway
8:25 Loom
11:57 Feudal Age
12:01 Champi Runner
12:48 Double-Bit Axe
14:06 Arson
16:09 Horse Collar
16:45 Scale Mail Armor
17:44 Forging
Connection lost

Rejoining the realm…

Still unreachable

The connection could not be restored.

Session expired

The server has moved on; the page needs a fresh start.